 Dungeon Crawl Stone Soup version 0.22.1 (webtiles) character file.

155 Fang the Skirmisher (level 5, -5/34 HPs)
             Began as a Gargoyle Berserker on Sept 18, 2018.
             Was a Believer of Trog.
             Killed by divine providence
             ... invoked by an orc priest
              (11 damage)
             ... on level 3 of the Dungeon.
             The game lasted 00:02:32 (2226 turns).

Fang the Skirmisher (Gargoyle Berserker)            Turns: 2226, Time: 00:02:32

Health: -5/34      AC:  6    Str: 22    XL:     5   Next: 37%
Magic:  5/5        EV: 12    Int:  7    God:    Trog [**....]
Gold:   98         SH:  0    Dex:  9    Spells: 4/4 levels left

rFire    . . .     SeeInvis .   a - +0 hand axe
rCold    . . .     Gourm    .   (no shield)
rNeg     + . .     Faith    .   b - +0 animal skin
rPois    ∞         Spirit   .   (no helmet)
rElec    +         Reflect  .   (no cloak)
rCorr    .         Harm     .   (no gloves)
MR       .....                  (no boots)
Stlth    +.........             (no amulet)
HPRegen  0.11/turn              (no ring)
MPRegen  0.09/turn              (no ring)

@: confused, berserk cooldown, slowed, very slow
A: negative energy resistance 1, electricity resistance, unbreathing,
petrification resistance, rot immunity, AC +4
a: Berserk, Trog's Hand, Renounce Religion


You were on level 3 of the Dungeon.
You worshipped Trog.
Trog was pleased with you.
You were very hungry.

You visited 1 branch of the dungeon, and saw 3 of its levels.

You collected 98 gold pieces.

Inventory:

Hand Weapons
 a - a +0 hand axe (weapon)
Armour
 b - a +0 animal skin (worn)
Scrolls
 d - a scroll of fog {unknown}
 f - 2 scrolls of teleportation {unknown}
 g - a scroll of fear {unknown}
 h - 4 scrolls of identify {unknown}
 i - a scroll of remove curse {unknown}
 j - a scroll of amnesia {unknown}
 k - a scroll of enchant armour {unknown}
Potions
 e - a potion of might {unknown}
 l - a potion of invisibility {unknown}
 m - a potion of flight {unknown}
Comestibles
 c - 3 rations


   Skills:
 + Level 4.3 Fighting
 + Level 3.8 Axes
 + Level 2.7 Armour
 + Level 2.4 Dodging
 + Level 0.9 Stealth


You had 4 spell levels left.
You didn't know any spells.
Your spell library was empty.

Dungeon Overview and Level Annotations

Branches:
Dungeon (3/15)

Altars:
Elyvilon
Makhleb
Wu Jian
Xom


Innate Abilities, Weirdness & Mutations

You are resistant to torment.
Your stone body is resilient. (AC +4)
You are immune to poison.
You resist negative energy. (rN+)
You are resistant to electric shocks. (rElec)
You can survive without breathing.
You are immune to petrification.
You are immune to rotting.


Message History

You closely miss the orc wizard.
The orc wizard is lightly wounded.
You barely miss the orc. You hit the orc priest. The orc priest misses you.
The orc wizard points at you and mumbles some strange words.
You are confused.
The orc hits you but does no damage.
The orc priest hits you with a hand axe.
* * * LOW HITPOINT WARNING * * *
You miss the orc wizard.
The orc wizard is lightly wounded.
You closely miss the orc priest. You miss the orc.
The orc wizard casts a spell at you.
You are more confused.
The orc misses you.
The orc priest calls upon Beogh to heal the orc wizard.
The orc wizard's wounds heal themselves!
The orc wizard barely misses you. The orc closely misses you.
The orc priest mumbles some strange prayers to Beogh against you.
Beogh smites you!
You die...

#.###$⌠$###..# #..#
...##.....##..#######..#
###
#.......#...........#
#.......#.#########.#
#.......#.# #.......#.#
#...ooo.#.# #...w...#.#
#...@.))#.# .)
(........)...# #.
..####...##### #. .
...#... #. ##.###.# #.
#. .# ##. . .# #.. # .#
#.###.. #......


You could see a worm, an orc priest, an orc wizard and an orc.

Vanquished Creatures
  An orc priest (D:3)
  3 gnolls
  3 adders
  A worm (D:2)
  3 dart slugs
  6 orcs (D:3)
  7 goblins
  6 hobgoblins
  3 jackals (D:2)
  A quokka (D:3)
  5 bats
  9 frilled lizards
  6 kobolds
  6 rats
60 creatures vanquished.

Notes
Turn   | Place    | Note
-------+----------+-------------------------------------------
     0 | D:1      | Fang the Gargoyle Berserker began the quest for the Orb.
     0 | D:1      | Reached XP level 1. HP: 14/14 MP: 1/1
    84 | D:1      | Reached XP level 2. HP: 16/19 MP: 2/2
   415 | D:1      | Reached XP level 3. HP: 9/23 MP: 3/3
   741 | D:2      | Reached skill level 4 in Fighting
   752 | D:2      | Found a faded altar of an unknown god.
   752 | D:2      | Found a white marble altar of Elyvilon.
   757 | D:2      | Found an ornate altar of the Wu Jian Council.
   759 | D:2      | Found a faded altar of an unknown god.
   761 | D:2      | Found a shimmering altar of Xom.
   800 | D:2      | Reached ** piety under Trog
   806 | D:2      | Reached XP level 4. HP: 29/29 MP: 4/4
  1674 | D:2      | Found a burning altar of Makhleb.
  1921 | D:3      | Reached XP level 5. HP: 18/33 MP: 5/5
  2226 | D:3      | Killed from afar by an orc priest

Skill      XL: |  1  2  3 |
---------------+----------+-----
Axes           | 3 |  3.8
Dodging        | 2 |  2.4
Fighting       | 4 |  4.3
Armour         | |  2.7
Stealth        | |  0.9

Action                   |  1- 3 |  4- 6 || total
-------------------------+-------+-------++-------
Melee: Hand axe          |    81 |   136 ||   217
Invok: Berserk           |       |     2 ||     2
 Stab: Sleeping          |       |     1 ||     1
  Eat: Chunk             |       |     5 ||     5
Armor: Animal skin       |    26 |    48 ||    74
Dodge: Dodged            |    62 |   101 ||   163
